 Dungeon Crawl Stone Soup version 0.30-a0-824-g6c64550be9 (webtiles) character file.

Game seed: 4012870425133902179

735 domi the Sneak (level 7, -3/36 HPs)
             Began as a Vampire Enchanter on Feb 27, 2023.
             Slain by a gnoll
             ... wielding a +0 spear
             ... led by a gnoll bouda
              (6 damage)
             ... on level 6 of the Dungeon.
             The game lasted 00:05:40 (4425 turns).

domi the Sneak (Vampire Enchanter)                  Turns: 4425, Time: 00:05:41

Health: -3/36      AC:  2    Str:  7    XL:     7   Next: 45%
Magic:  1/10       EV: 14    Int: 19    God:
Gold:   309        SH:  0    Dex: 15    Spells: 2/10 levels left

rFire   . . .      SeeInvis +    a - +1 dagger
rCold   + + .      Faith    .    (no shield)
rNeg    + + +      Spirit   .    b - +0 robe
rPois   ∞          Reflect  .    (no helmet)
rElec   .          Harm     .    (no cloak)
rCorr   .          Rampage  .    (no gloves)
Will    .....                    (no boots)
Stlth   ++++++                   (no amulet)
HPRegen 0.00/turn                (no ring)
MPRegen 0.12/turn                (no ring)

@: mighty, bloodless, inhibited regen
A: bloodless, fangs 3, see invisible, vampiric 2
a: Bat Form, Revivify


You were on level 6 of the Dungeon.
You visited 1 branch of the dungeon, and saw 6 of its levels.

You collected 309 gold pieces.

Inventory:

Hand Weapons
 a - a +1 dagger (weapon)
Missiles
 l - a throwing net {=f, !d=f}
Armour
 b - a +0 robe (worn)
 c - the +1 robe of the Echidna {rF+ Dex+2}
   (You found it on level 4 of the Dungeon)

   Dex:       It affects your dexterity (+2).
   rF:        It protects you from fire.
 i - a +0 pair of gloves
   (You found it on level 4 of the Dungeon)
 u - a scarf of invisibility
   (You found it on level 4 of the Dungeon)
 v - a +0 cloak
   (You found it on level 4 of the Dungeon)
Magical Staves
 r - a staff of poison {rPois}
   (You found it on level 3 of the Dungeon)
Jewellery
 m - an amulet of guardian spirit {Spirit}
   (You found it on level 1 of the Dungeon)
Scrolls
 e - 2 scrolls of fog {unknown}
 f - 3 scrolls of blinking {unknown}
 h - 6 scrolls of identify {unknown}
 k - 4 scrolls of teleportation {unknown}
 p - a scroll of vulnerability {unknown}
 s - a scroll of acquirement {unknown}
 t - a scroll of fear {unknown}
 x - a scroll of amnesia {unknown}
 y - a scroll of torment {unknown}
Potions
 d - a potion of lignification {!q!q}
 g - 3 potions of heal wounds {unknown}
 j - a potion of cancellation {unknown}
 n - a potion of curing {unknown}
 o - 2 potions of might
 q - a potion of degeneration {unknown}
 w - a potion of mutation {unknown}
 z - a potion of attraction {unknown}


   Skills:
 + Level 4.3 Short Blades
 + Level 4.8 Dodging
 + Level 7.5 Stealth
 - Level 2.0 Spellcasting
 + Level 7.0 Hexes
 + Level 2.2 Ice Magic


You had 2 spell levels left.
You knew the following spells:

 Your Spells              Type           Power      Damage    Failure   Level
x - Tukima's Dance        Hex            28%        N/A       2%          3
z - Ensorcelled Hibernat  Hex/Ice        38%        N/A       3%          2
Z - Confusing Touch       Hex            28%        N/A       2%          3

Your spell library contained the following spells:

 Spells                   Type           Power      Damage    Failure   Level
 Magic Dart               Conj           4%         1d3       17%         1
 Call Imp                 Summ           1%         N/A       26%         2
 Dazzling Flash           Conj/Hex       30%        N/A       12%         3
 Mephitic Cloud           Conj/Pois/Air  1%         N/A       45%         3


Dungeon Overview and Level Annotations

Branches:
Dungeon (6/15)
 Temple: D:4-7

Altars:
Hepliaklqana
Nemelex Xobeh


Innate Abilities, Weirdness & Mutations

You do not regenerate when monsters are visible.
You are frail without blood (-20% HP).
You can heal yourself when you bite living creatures.
You are immune to poison.
You have razor-sharp teeth.
You have supernaturally acute eyesight. (SInv)
You are afflicted with vampirism and can become a bat while bloodless.


Message History

A centaur is nearby!
The helpless centaur fails to defend itself.
You bite the centaur, and draw its blood!
You perforate the centaur like a sieve!!!
You kill the centaur!
Things that are here:
a +0 shortbow; a centaur corpse You see here a +0 leather armour.
Found a stone staircase leading down.
h - 5 scrolls labelled MENEYK LOIGG (gained 1)
h - 6 scrolls labelled MENEYK LOIGG (gained 1)
There is a stone staircase leading down here.
You see here a water moccasin skeleton.
Found a stone staircase leading up.
An iguana comes into view.
You see here 15 gold pieces.
An iguana is nearby!
The iguana hisses angrily.
Aim: an iguana (chance to affect: 60%)
The iguana resists with significant effort.
The iguana bites you.
Aim: an iguana (chance to affect: 60%)
The iguana looks drowsy...
The helpless iguana fails to defend itself.
You bite the iguana, and draw its blood!
You feel better.
You stick the iguana like a pincushion!!!
You kill the iguana!
k - 2 scrolls labelled SYEZUNK BEHIO (gained 1)
You now have 309 gold pieces (gained 15).
y - a scroll labelled WIOTHI BUNUU
k - 4 scrolls labelled SYEZUNK BEHIO (gained 2)
There is a stone staircase leading down here.
Done exploring.
Done exploring.
Done exploring.
Done exploring.
Done exploring.
(D) Dungeon
Where to? (Enter - D:5, ? - help)
There is a stone staircase leading down here.
You climb downwards.
There is a stone staircase leading up here.
A gnoll bouda is nearby!
A gnoll bouda is nearby!
A gnoll bouda is nearby!
A gnoll bouda is nearby!
A gnoll comes into view.
It is wielding a +0 spear. 2 gnolls come into view.
A gnoll comes into view. It is wielding a +0 whip.
A gnoll comes into view. It is wielding a +0 club.
The gnoll shouts! x2; The gnoll bouda shouts!
The gnoll shouts! x2
You hit the gnoll bouda but do no damage.
A bullfrog comes into view.
The gnoll bouda barks out a call to the hunt!
The gnolls pick up the pace!
The gnoll closely misses you.
Aim: a gnoll, wielding a +0 whip (covering ground quickly, chance to affect: 60%)
The gnoll resists with significant effort.
Aim: a gnoll, wielding a +0 whip (covering ground quickly, chance to affect: 60%)
The gnoll bouda resists with significant effort.
Aim: a gnoll, wielding a +0 whip (covering ground quickly, chance to affect: 60%)
The gnoll bouda looks drowsy...
The helpless gnoll bouda fails to defend itself.
You bite the gnoll bouda, and draw its blood!
You stick the gnoll bouda like a pincushion!!!
You kill the gnoll bouda!
The bullfrog hits you.
Your Ice Magic skill increases to level 2!
Aim: a gnoll, wielding a +0 whip (covering ground quickly, chance to affect: 60%)
The bullfrog looks drowsy...
The helpless bullfrog fails to defend itself.
You bite the bullfrog, and draw its blood!
You feel better.
You impale the bullfrog!!
You kill the bullfrog!
Your Hexes skill increases to level 7!
Aim: a gnoll, wielding a +0 whip (covering ground quickly, chance to affect: 61%)
The gnoll resists with significant effort.
The gnoll misses you. The gnoll barely misses you.
You hit the gnoll. The gnoll hits you with a +0 whip!
You don't have enough magic to cast this spell.
You aren't carrying any items that you can evoke.
Unknown command.
It was a potion of might.
You feel very mighty all of a sudden. The gnoll misses you. x2
You puncture the gnoll!
You kill the gnoll!
The gnoll hits you from afar with a +0 spear.
The gnoll closely misses you.
The gnoll hits you from afar with a +0 spear.
Items here: )) [ †.
You barely miss the gnoll. The gnoll hits you with a +0 spear!
The gnoll hits you from afar with a +0 spear!
* * * LOW HITPOINT WARNING * * *
Unknown command.
It was a potion of lignification.
You feel woody for a moment.
The gnoll is no longer moving quickly.
The gnoll barely misses you.
The gnoll hits you from afar with a +0 spear.
You die...

.#
###.###
#.....#
#.....#
#.....#
#.....#
#ggg..#
#g# ##@#
##.#.#
##.###.#
#<## #..
##.# ###
#.# #.#
##


You could see 4 gnolls.

Vanquished Creatures
  A water moccasin (D:5)
  A black bear (D:4)
  A centaur (D:5)
  A bullfrog (D:6)
  A hound (D:4)
  An orc priest (D:4)
  A gnoll bouda (D:6)
  An iguana (D:5)
  A gnoll (D:6)
  7 adders
  A worm (D:2)
  11 orcs
  3 endoplasms
  2 giant cockroaches (D:1)
  6 goblins
  13 hobgoblins
  8 kobolds
  4 quokkas
  9 ball pythons
  3 bats (D:2)
  2 frilled lizards (D:2)
  4 rats
82 creatures vanquished.

Vanquished Creatures (others)
  Eustachio (D:4)
  6 fungi (D:3)
7 creatures vanquished.

Grand Total: 89 creatures vanquished

Notes
Turn   | Place    | Note
-------+----------+-------------------------------------------
     0 | D:1      | domi the Vampire Enchanter began the quest for the Orb.
     0 | D:1      | Reached XP level 1. HP: 13/13 MP: 3/3
     2 | D:1      | Noticed a tengu
     4 | D:1      | Noticed an elf
     4 | D:1      | Noticed an armataur
     6 | D:1      | Noticed a felid
     8 | D:1      | Noticed a formicid
     8 | D:1      | Noticed an octopode
    10 | D:1      | Noticed a naga
    10 | D:1      | Noticed a troll
    12 | D:1      | Noticed a draconian
    14 | D:1      | Noticed a spriggan
    14 | D:1      | Noticed a demigod
    16 | D:1      | Noticed a vine stalker
    16 | D:1      | Noticed a gargoyle
    18 | D:1      | Noticed a minotaur
    18 | D:1      | Noticed a human
    20 | D:1      | Noticed a vampire
    20 | D:1      | Noticed a ghoul
    22 | D:1      | Noticed a merfolk
    22 | D:1      | Noticed a demonspawn
    24 | D:1      | Noticed a meteoran
    24 | D:1      | Noticed a ghoul
    26 | D:1      | Noticed a formicid
    26 | D:1      | Noticed a vampire
   297 | D:1      | Reached XP level 2. HP: 19/19 MP: 5/5
   946 | D:2      | Reached skill level 5 in Stealth
  1010 | D:2      | Gained mutation: You are afflicted with vampirism and can
                  | become a bat while bloodless. [Vampire growth]
  1010 | D:2      | Reached XP level 3. HP: 16/24 MP: 6/6
  1115 | D:2      | Reached skill level 2 in Short Blades
  1115 | D:2      | Reached skill level 5 in Hexes
  1352 | D:2      | Reached skill level 3 in Dodging
  1562 | D:2      | Reached XP level 4. HP: 27/30 MP: 7/7
  2186 | D:3      | Found a hazy altar of Hepliaklqana.
  2592 | D:4      | HP: 5/30 [frozen (5)]
  2651 | D:4      | Learned a level 2 spell: Ensorcelled Hibernation
  2655 | D:4      | Learned a level 3 spell: Confusing Touch
  2672 | D:4      | HP: 6/30 [hound (4)]
  2678 | D:4      | Reached XP level 5. HP: 4/35 MP: 8/8
  2933 | D:4      | Noticed a black bear
  2943 | D:4      | HP: 7/35 [black bear (2)]
  2946 | D:4      | Killed a black bear
  2947 | D:4      | Reached skill level 3 in Short Blades
  2947 | D:4      | Reached skill level 6 in Stealth
  2947 | D:4      | Reached skill level 6 in Hexes
  2987 | D:4      | Learned a level 3 spell: Tukima's Dance
  3025 | D:4      | Found a sparkling altar of Nemelex Xobeh.
  3147 | D:4      | Reached XP level 6. HP: 32/41 MP: 4/9
  3284 | D:4      | Identified the +1 robe of the Echidna {rF+ Dex+2}
  3358 | D:4      | Reached skill level 4 in Dodging
  3412 | D:4      | Noticed Eustachio
  3426 | D:4      | Killed Eustachio
  3427 | D:4      | Reached skill level 1 in Ice Magic
  3720 | D:5      | Entered Level 5 of the Dungeon
  3869 | D:5      | Noticed a water moccasin
  3872 | D:5      | Killed a water moccasin
  3873 | D:5      | Reached skill level 4 in Short Blades
  3873 | D:5      | Reached skill level 7 in Stealth
  3873 | D:5      | Reached XP level 7. HP: 36/36 MP: 10/10
  4417 | D:6      | Reached skill level 2 in Ice Magic
  4419 | D:6      | Reached skill level 7 in Hexes
  4424 | D:6      | HP: 3/36 [gnoll/+0 spear[a gnoll bouda] (9)]
  4425 | D:6      | Slain by a gnoll

Illustrated notes

Levels and vault maps discovered:
D:1:      kb_arrival_jail, layout_basic, chequers_garden
D:2:      layout_loops_ring, minmay_pentomino_u2
D:3:      layout_basic, mainiacjoe_overflow_chevrons
D:4:      layout_loops_cross, mainiacjoe_overflow_surrounded_room,
          uniq_eustachio
D:5:      layout_loops_ring
D:6:      layout_loops_corners, uniq_prince_ribbit1

Skill      XL: |  1  2  3  4  5  6  7 |
---------------+----------------------+-----
Stealth        | 5 6 7 |  7.5
Short Blades   | 2 3 4 |  4.3
Hexes          | 5 6 7 |  7.0
Dodging        | 3 4 |  4.8
Ice Magic      | 1 2 |  2.2
Spellcasting   | |  2.0

Action                     |  1- 3 |  4- 6 |  7- 9 || total
---------------------------+-------+-------+-------++-------
  Melee: Dagger            |   158 |   124 |     8 ||   290
         Bite              |    10 |    16 |       ||    26
         Punch             |     2 |       |       ||     2
   Cast: Ensorcelled Hiber |       |    12 |     7 ||    19
         Confusing Touch   |       |     1 |       ||     1
Ability: Exsanguinate      |       |     1 |       ||     1
    Use: Potion            |     1 |     3 |     2 ||     6
   Stab: Sleeping          |     8 |    13 |     4 ||    25
         Distracted        |       |     1 |       ||     1
         Invisible         |       |     3 |       ||     3
 Armour: Robe              |    15 |    11 |       ||    26
  Dodge: Dodged            |    90 |    77 |     7 ||   174

Table legend: (Time is in decaauts)
 A = Elapsed time spent in this place.
 B = Non-inter-level travel time spent in this place.
 C = Inter-level travel time spent in this place.
 D = Time resting spent in this place.
 E = Time spent auto-exploring this place.
 F = Levels seen in this place.
 G = Mean time per level.
                   A        B        C        D        E       F      G
               +--------+--------+--------+--------+--------+-----+--------+
         Total |   4415 |   4306 |    109 |    340 |   3330 |   6 |  735.8 |
       Dungeon |   4415 |   4306 |    109 |    340 |   3330 |   6 |  735.8 |
               +--------+--------+--------+--------+--------+-----+--------+

Top non-repeatable levels by time:
     D:4: 1151 daAuts
     D:1: 927 daAuts
     D:2: 876 daAuts
     D:3: 757 daAuts
     D:5: 683 daAuts
     D:6: 18 daAuts

Table legend:
 A = Kills in this place as a percentage of kills in entire the game.
 B = Kills by you in this place as a percentage of kills by you in the entire game.
 C = Kills by friends in this place as a percentage of kills by friends in the entire game.
 D = Other kills in this place as a percentage of other kills in the entire game.
 E = Experience gained in this place as a percentage of experience gained in the entire game.
 F = Experience gained in this place divided by the number of levels of this place that you have seen.
                   A       B       C       D       E      F
               +-------+-------+-------+-------+-------+----------------------
         Total | 100.0 | 100.0 |   N/A | 100.0 | 100.0 | 175.0
       Dungeon | 100.0 | 100.0 |   N/A | 100.0 | 100.0 | 175.0
               +-------+-------+-------+-------+-------+----------------------
